Map: Ulrena

Players

Neeb - Winner!

  • Race: Protoss Protoss

Nerchio

  • Race: Zerg Zerg

Event: DreamHack Open Tours WCS Spring Championship

VOD

https://www.youtube.com/watch?v=sC5lQrMgZEM

Description

Time

  • Played on: May 15, 2016, 1:25 p.m.
  • Length: 12:18

All games in this series

Show
View Real Time Build Order
Export as new Build Order

Neeb Protoss - Winner!

Build Orders: 1 Gate Expand 

Get SALT Encoding   

  12  0:00  Probe (Chrono Boost)  
  13  0:11  Probe (Chrono Boost)  
  14  0:20  Pylon  
  14  0:21  Probe (Chrono Boost)  
  15  0:38  Gateway  
  15  0:39  Probe (Chrono Boost)  
  16  0:49  Probe (Chrono Boost)  
  17  1:00  Probe (Chrono Boost)  
  17  1:01  Assimilator  
  18  1:10  Probe (Chrono Boost)  
  19  1:20  Nexus  
  19  1:23  Probe (Chrono Boost)  
  20  1:33  Cybernetics Core  
  20  1:36  Probe (Chrono Boost)  
  21  1:42  Assimilator  
  22  1:47  Probe (Chrono Boost)  
  22  1:51  Pylon  
  22  1:57  Probe (Chrono Boost)  
  23  2:09  Probe (Chrono Boost), Adept (Chrono Boost)  
  23  2:10  Warp Gate  
  26  2:21  Probe  
  27  2:27  Twilight Council  
  27  2:30  Probe  
  27  2:34  Probe  
  27  2:35  Stalker (Chrono Boost)  
  31  2:41  Probe  
  32  2:48  Probe, Pylon  
  33  2:51  Probe  
  34  3:00  Probe  
  35  3:06  Gateway  
  35  3:11  Gateway  
  35  3:12  Resonating Glaives (Chrono Boost)  
  36  3:20  Probe  
  36  3:21  Probe, Pylon  
  37  3:29  Pylon  
  37  3:31  Probe  
  37  3:32  Probe  
  39  3:38  Gateway  
  39  3:42  Probe  
  39  3:44  Probe  
  40  3:49  Robotics Facility  
  40  3:52  Probe  
  41  3:56  Mothership Core  
  43  4:03  Probe  
  43  4:04  Pylon  
  44  4:12  Adept x2  
  44  4:13  Probe, Adept  
  51  4:17  Probe  
  52  4:24  Probe  
  52  4:31  Probe  
  54  4:33  Adept x3  
  54  4:37  Pylon, Warp Prism (Chrono Boost)  
  62  4:39  Probe  
  63  5:01  Sentry x2, Adept  
  63  5:05  Nexus  
  63  5:06  Probe  
  69  5:09  Pylon, Assimilator  
  69  5:10  Assimilator  
  69  5:14  Blink  
  68  5:15  Immortal (Chrono Boost)  
  68  5:19  Probe  
  73  5:22  Probe  
  73  5:24  Pylon  
  74  5:31  Probe  
  74  5:35  Probe  
  76  5:43  Probe, Sentry, Stalker  
  82  5:53  Immortal (Chrono Boost)  
  83  5:57  Gateway x2  
  83  6:01  Gateway  
  83  6:05  Sentry, Pylon  
  83  6:09  Probe x2  
  83  6:10  Sentry  
  89  6:13  Adept  
  91  6:20  Probe  
  91  6:21  Forge  
  91  6:22  Probe x2  
  94  6:30  Immortal (Chrono Boost)  
  94  6:31  Probe  
  98  6:34  Probe x2  
  98  6:39  Adept x2  
  105  6:42  Probe  
  105  6:46  Probe x2  
  108  6:52  Probe  
  108  6:53  Pylon  
  109  6:56  Pylon  
  109  6:59  Probe  
  110  7:05  Adept x2  
  110  7:06  Adept  
  110  7:10  Probe  
  115  7:15  Robotics Bay  
  115  7:16  Immortal (Chrono Boost)  
  115  7:22  Pylon, Assimilator, Adept x4  
  121  7:23  Assimilator  
  123  7:31  Adept x2  
  123  7:34  Protoss Ground Weapons Level 1 (Chrono Boost)  
  127  7:37  Gateway x2  
  127  7:42  Stalker  
  127  7:43  Stalker x2  
  133  7:46  Stalker  
  133  7:51  Observer (Chrono Boost)  
  135  7:56  Robotics Facility  
  136  7:59  Stalker  
  136  8:03  Probe  
  136  8:04  Probe x2  
  131  8:09  Stalker x3  
  137  8:17  Stalker x2  
  141  8:27  Pylon  
  141  8:33  Pylon  
  141  8:40  Disruptor  
  141  8:44  Nexus  
  141  8:47  Pylon  
  144  8:50  Stalker x2  
  148  8:56  Disruptor  
  133  9:11  Disruptor  
  133  9:14  Stalker x5  
  142  9:20  Probe  
  142  9:21  Probe  
  144  9:29  Protoss Ground Weapons Level 2 (Chrono Boost)  
  144  9:31  Disruptor, Adept x3  
  149  9:42  Disruptor  
  149  9:46  Adept x4  
  149  9:50  Assimilator  
  160  9:53  Assimilator  
  160  9:54  Adept x2  
  164  10:01  Adept x2  
  164  10:03  Pylon  
  164  10:05  Pylon  
  168  10:08  Pylon  
  168  10:11  Disruptor  
  168  10:13  Disruptor  
  169  10:15  Probe  
  169  10:17  Probe x2  
  173  10:44  Adept x5  
  173  10:46  Stargate  
  173  10:47  Disruptor  
  173  10:48  Photon Cannon x2  
  186  10:51  Photon Cannon  
  182  11:06  Disruptor  
  171  11:22  Stalker x4  
  171  11:23  Stalker x3  
  180  11:28  Disruptor  
  179  11:37  Disruptor  
  171  11:59  Stalker x5  
Show
View Real Time Build Order
Export as new Build Order

Nerchio Zerg 

Build Orders: Hatch First, Lurkers 

Get SALT Encoding   

  12  0:00  Drone  
  13  0:13  Overlord  
  13  0:17  Drone  
  14  0:31  Drone x2  
  14  0:35  Drone  
  17  0:53  Hatchery  
  17  0:56  Drone  
  17  1:00  Drone  
  18  1:05  Extractor  
  17  1:16  Spawning Pool  
  16  1:19  Drone  
  16  1:22  Drone  
  18  1:28  Drone  
  19  1:39  Overlord  
  19  1:52  Drone  
  20  2:02  Queen  
  20  2:03  Zergling x2  
  20  2:04  Queen  
  25  2:11  Metabolic Boost  
  25  2:14  Drone  
  26  2:17  Drone  
  26  2:20  Drone  
  28  2:24  Drone  
  29  2:41  Hatchery  
  29  2:43  Zergling x2  
  29  2:46  Zergling x2  
  29  2:48  Drone  
  31  2:52  Drone  
  31  2:54  Drone  
  33  2:58  Overlord  
  33  3:02  Drone  
  33  3:05  Drone  
  35  3:13  Drone  
  35  3:16  Drone  
  35  3:17  Drone x4  
  41  3:21  Overlord  
  41  3:26  Overlord  
  41  3:38  Overlord, Extractor  
  41  3:39  Roach Warren  
  39  3:44  Drone x3  
  39  3:45  Drone  
  39  3:48  Drone  
  44  3:50  Drone  
  44  3:52  Drone  
  46  3:55  Overlord  
  46  4:05  Spine Crawler, Queen  
  47  4:18  Roach x3  
  47  4:19  Roach x2  
  47  4:23  Overlord  
  56  4:25  Roach  
  56  4:29  Overlord  
  58  4:35  Drone  
  58  4:36  Drone x3  
  62  4:49  Drone x4  
  66  4:54  Drone  
  66  4:55  Lair  
  66  4:57  Drone x2  
  66  4:58  Drone  
  66  4:59  Spore Crawler  
  69  5:00  Extractor  
  69  5:01  Drone  
  69  5:02  Extractor, Drone  
  69  5:03  Drone  
  70  5:11  Roach x3  
  76  5:15  Roach  
  76  5:16  Roach  
  80  5:27  Overlord x2  
  80  5:31  Drone x6  
  80  5:32  Drone  
  80  5:35  Overlord  
  87  5:42  Overlord  
  87  5:46  Drone x3  
  87  5:48  Drone  
  87  5:49  Evolution Chamber  
  90  5:51  Drone x2  
  90  5:52  Drone  
  90  5:55  Drone x2  
  94  5:57  Drone x3  
  94  6:03  Extractor  
  94  6:04  Overseer, Extractor  
  95  6:05  Hydralisk Den  
  95  6:07  Drone x2  
  95  6:08  Drone  
  95  6:10  Glial Reconstitution  
  97  6:13  Overseer  
  97  6:15  Zerg Missile Weapons Level 1  
  97  6:23  Overlord x2  
  97  6:32  Drone x3  
  100  6:35  Overlord  
  100  6:38  Hydralisk x3  
  106  6:44  Hydralisk  
  106  6:45  Hatchery  
  106  6:46  Hydralisk, Lurker Den  
  109  6:56  Ravager x5  
  109  6:57  Ravager x3  
  109  6:58  Zergling x14  
  109  7:00  Zergling x2  
  109  7:01  Zergling x2  
  126  7:02  Zergling x2  
  126  7:04  Zergling x4  
  126  7:07  Zergling x6  
  129  7:12  Zergling x4  
  129  7:15  Overlord  
  130  7:32  Drone x2  
  130  7:33  Overlord  
  132  7:37  Hydralisk x5  
  138  7:46  Hydralisk, Hatchery  
  138  7:53  Hydralisk x2  
  138  7:54  Evolution Chamber, Hydralisk x2  
  138  7:55  Infestation Pit  
  144  8:00  Hydralisk  
  146  8:06  Overlord  
  146  8:09  Zergling x2  
  146  8:12  Extractor  
  144  8:15  Zergling x2  
  144  8:16  Lurker x3  
  144  8:17  Lurker x3, Zergling x2, Extractor  
  144  8:18  Queen, Zergling x2  
  154  8:23  Zerg Melee Weapons Level 1  
  154  8:24  Evolution Chamber  
  154  8:25  Zergling x2  
  154  8:26  Zergling x8  
  158  8:31  Overseer x2  
  158  8:32  Zergling x2  
  159  8:37  Hydralisk x2  
  163  8:42  Hydralisk  
  163  8:44  Drone  
  163  8:45  Queen  
  168  8:51  Hydralisk  
  157  8:56  Hydralisk x2  
  157  9:02  Zergling x2  
  143  9:03  Zergling x8  
  143  9:05  Hydralisk  
  136  9:11  Hydralisk x3  
  136  9:16  Muscular Augments  
  127  9:17  Zerg Missile Weapons Level 2  
  127  9:20  Zergling x8  
  127  9:21  Zergling x2  
  127  9:22  Lurker  
  127  9:23  Lurker, Zergling x2  
  127  9:24  Zergling x2  
  136  9:27  Hydralisk  
  138  9:33  Zergling x4  
  138  9:36  Queen, Zergling x2  
  143  9:39  Zergling x2  
  143  9:40  Zergling x2  
  143  9:43  Hydralisk  
  147  9:46  Hydralisk  
  147  9:49  Hydralisk x2  
  147  9:50  Hydralisk  
  147  9:51  Hydralisk  
  157  9:56  Hydralisk x2  
  161  10:03  Hydralisk  
  161  10:04  Hydralisk  
  165  10:11  Hydralisk x3  
  165  10:16  Zergling x6  
  166  10:22  Overlord x2  
  166  10:24  Zergling x2  
  166  10:25  Zergling x2  
  166  10:28  Hydralisk  
  168  10:31  Hydralisk  
  168  10:33  Hydralisk  
  156  10:38  Hydralisk  
  156  10:40  Hydralisk  
  156  10:42  Lurker x2  
  159  10:45  Pneumatized Carapace  
  159  10:47  Zergling x2  
  159  10:48  Lurker  
  162  10:50  Zergling x2  
  162  10:51  Zergling x2  
  162  10:53  Zergling x2  
  157  10:58  Zergling x4  
  157  11:02  Zergling x10  
  153  11:10  Zergling x12  
  143  11:16  Zergling x8  
  137  11:22  Zergling x6  
  137  11:23  Zergling x2  
  137  11:24  Zergling x2  
  137  11:25  Zergling x2  
  137  11:32  Hydralisk  
  133  11:36  Hydralisk x3  
  124  11:40  Hydralisk  
  124  11:41  Hydralisk  
  124  11:45  Lurker  
  124  11:46  Lurker x3  
  129  11:52  Zergling x8  
  129  11:54  Zergling x2  
  126  11:58  Zergling x2  
  126  12:00  Zergling x6  

Tags
 
Add a new tag
Caveats
  • Supply blocks, unpowered buildings, or Contaminate may cause inaccurate times.
  • Supply counts are checked every 10 seconds.